 Dungeon Crawl Stone Soup version 0.25.0-37-gb73750e0fb (webtiles) character file.

Game seed: 961658312078848048

254 Descartes the Sneak (level 5, -4/24 HPs)
             Began as a Spriggan Enchanter on July 8, 2020.
             Killed by nerve-wracking pain
             ... invoked by Grinder
              (7 damage)
             ... while paralysed by Grinder
             ... on level 3 of the Dungeon.
             The game lasted 00:03:50 (2502 turns).

Descartes the Sneak (Spriggan Enchanter)            Turns: 2502, Time: 00:03:51

Health: -4/24      AC:  6    Str:  5    XL:     5   Next: 91%
Magic:  10/10      EV:  4    Int: 17    God:
Gold:   196        SH:  0    Dex: 16    Spells: 9/10 levels left

rFire    . . .     SeeInvis +   b - +0 hunting sling
rCold    . . .     Gourm    .   (shield restricted)
rNeg     . . .     Faith    .   o - +0 robe
rPois    +         Spirit   .   (helmet restricted)
rElec    .         Reflect  .   (no cloak)
rCorr    .         Harm     .   (gloves unavailable)
MR       .....                  (boots unavailable)
Stlth    +++.......             x - amulet of the acrobat
HPRegen  0.08/turn              j - ring of poison resistance
MPRegen  0.12/turn              l - +4 ring of protection

@: paralysed, very quick
A: very small, unfitting armour, see invisible, herbivore, speed 3, slow
metabolism 2
a: no special abilities


You were on level 3 of the Dungeon.
You were not hungry.

You visited 1 branch of the dungeon, and saw 3 of its levels.

You collected 196 gold pieces.

Inventory:

Hand Weapons
 a - a +2 dagger of electrocution
 b - a +0 hunting sling (weapon)
 u - a cursed -1 arbalest
Missiles
 f - 106 stones
 g - 38 arrows
 h - 35 sling bullets (quivered)
 n - 41 bolts
 w - 6 poisoned darts
Armour
 o - a +0 robe (worn)
Jewellery
 j - a ring of poison resistance (left hand)
 l - a +4 ring of protection (right hand)
 x - an amulet of the acrobat (around neck)
Scrolls
 c - 3 scrolls of identify {unknown}
 i - 4 scrolls of remove curse {unknown}
 k - a scroll of random uselessness {unknown}
 p - 2 scrolls of noise {unknown}
 q - 2 scrolls of immolation {unknown}
 r - a scroll of amnesia {unknown}
 s - 2 scrolls of teleportation {unknown}
Potions
 e - a potion of heal wounds {unknown}
 m - a potion of mutation {unknown}
 t - a potion of berserk rage {unknown}
 v - a potion of stabbing {unknown}
Comestibles
 d - 3 rations


   Skills:
 + Level 3.2 Short Blades
 + Level 5.1 Dodging
 + Level 6.4 Stealth
 - Level 3.0 Spellcasting
 + Level 5.0 Hexes


You had 9 spell levels left.
You knew the following spells:

 Your Spells              Type           Power        Failure   Level  Hunger
a - Corona                Hex            ###....      2%          1    None

Your spell library contained the following spells:

 Spells                   Type           Power        Failure   Level  Hunger
 Confusing Touch          Hex            ###.....     7%          3    ###....
 Tukima's Dance           Hex            ###.....     7%          3    ###....
 Ensorcelled Hibernation  Hex/Ice        ##....       10%         2    ##.....
 Dazzling Flash           Conj/Hex       ##....       19%         3    ###....


Dungeon Overview and Level Annotations

Branches:
Dungeon (3/15)

Altars:
Nemelex Xobeh
Ru

Annotations:
D:3 Grinder


Innate Abilities, Weirdness & Mutations

You are very small and have problems with some larger weapons.
You are too small for most types of armour.
You have supernaturally acute eyesight. (SInv)
You are a herbivore.
You cover ground extremely quickly.
You need to consume almost no food.


Message History

The sling bullet hits Grinder but does no damage.
Grinder is lightly wounded.
Grinder gestures at you. Pain shoots through your body!
Firing (i - inventory. (/) - cycle)
h - 36 sling bullets (quivered)
Press: ? - help, Shift-Dir - straight line, f/p - Grinder
Aim: Grinder (lightly wounded)
You shoot a sling bullet. The sling bullet barely misses Grinder.
Grinder gestures at you.
You suddenly lose the ability to move!
Grinder gestures at you.
You shrug off the repeated paralysis!
Grinder hits you but does no damage. Grinder gestures at you.
Pain shoots through your body! Grinder hits you.
You writhe in agony.
* * * LOW HITPOINT WARNING * * *
Grinder gestures at you. Pain shoots through your body!
You die...

#. #..... ....(.....#
#.##.#### ..........#
#..#.# # #..(......#
#####.#.# # #...(.....#
........#### #(.(......#
#####.......
#.........#.# #..>....
#....(....#.######......
#.....5@.......# #...†..
#.........####.###......
##########......##......
#.###..##......
#..†...##......
#.####.###'###' #.#
#.....# #. ### #######
#. ##


You could see Grinder.

Vanquished Creatures
  Sigmund (D:2)
  Jessica (D:3)
  Terence (D:2)
  2 adders (D:2)
  An ooze (D:1)
  A worm (D:2)
  A dart slug (D:1)
  A leopard gecko (D:2)
  A giant cockroach (D:3)
  4 goblins
  2 jackals (D:3)
  3 kobolds
  A ball python (D:1)
  11 bats
  A frilled lizard (D:1)
  A rat (D:2)
33 creatures vanquished.

Notes
Turn   | Place    | Note
-------+----------+-------------------------------------------
     0 | D:1      | Descartes the Spriggan Enchanter began the quest for the
                  | Orb.
     0 | D:1      | Reached XP level 1. HP: 9/9 MP: 5/5
   511 | D:1      | Reached XP level 2. HP: 7/13 MP: 6/6
   914 | D:2      | Noticed Terence
   926 | D:2      | Killed Terence
   926 | D:2      | Reached skill level 5 in Stealth
   926 | D:2      | Reached XP level 3. HP: 5/16 MP: 8/8
  1505 | D:2      | Noticed Sigmund
  1517 | D:2      | Killed Sigmund
  1517 | D:2      | Reached skill level 6 in Stealth
  1517 | D:2      | Reached XP level 4. HP: 12/21 MP: 9/9
  1517 | D:2      | Reached XP level 5. HP: 13/24 MP: 10/10
  1786 | D:2      | Found a sparkling altar of Nemelex Xobeh.
  2272 | D:3      | Found a sacrificial altar of Ru.
  2277 | D:3      | Noticed Jessica
  2290 | D:3      | Killed Jessica
  2290 | D:3      | Reached skill level 5 in Dodging
  2290 | D:3      | Reached skill level 5 in Hexes
  2475 | D:3      | Noticed Grinder
  2482 | D:3      | Paralysed by Grinder for 4 turns
  2497 | D:3      | Paralysed by Grinder for 7 turns
  2502 | D:3      | Killed from afar by Grinder

Illustrated notes

Levels and vault maps discovered:
D:1:      erik_arrival_blinker_ship, layout_basic
D:2:      minmay_angry_zag, layout_loops_corners, lemuel_round_altar,
          minmay_misc_feat_ornament, uniq_sigmund, uniq_terence
D:3:      layout_basic, lemuel_doored_altar, uniq_jessica, uniq_grinder,
          uniq_natasha, uniq_ijyb

Skill      XL: |  1  2  3  4  5 |
---------------+----------------+-----
Spellcasting   | 3 |  3.0
Short Blades   | 2 3 |  3.2
Stealth        | 5 6 |  6.4
Hexes          | 4 5 |  5.0
Dodging        | 4 5 |  5.1

Action                   |  1- 3 |  4- 6 || total
-------------------------+-------+-------++-------
Melee: Dagger            |    51 |    17 ||    68
 Fire: Hunting sling     |    10 |    17 ||    27
 Stab: Sleeping          |     8 |     5 ||    13
Armor: Robe              |     8 |     1 ||     9
Dodge: Dodged            |    40 |    11 ||    51
